 Dungeon Crawl Stone Soup version 0.29-a0-330-g52719c12eb (webtiles) character file.

Game seed: 13539697588687417529

261 mistymad the Firebug (level 5, -18/38 HPs)
             Began as a Draconian Fire Elementalist on Nov 30, 2020.
             Demolished by an ogre
             ... wielding a +0 giant spiked club
              (29 damage)
             ... on level 4 of the Dungeon on May 4, 2022.
             The game lasted 00:22:12 (3074 turns).

mistymad the Firebug (Draconian Fire Elementalist)  Turns: 3074, Time: 00:22:13

Health: -18/38     AC:  6    Str: 10    XL:     5   Next: 96%
Magic:  3/10       EV: 12    Int: 18    God:
Gold:   145        SH:  0    Dex: 11    Spells: 7/11 levels left

rFire   . . .      SeeInvis .   c - +0 dagger
rCold   . . .      Faith    .   (no shield)
rNeg    . . .      Spirit   .   (body armour unavailable)
rPois   .          Reflect  .   (helmet restricted)
rElec   .          Harm     .   h - +0 cloak
rCorr   .          Rampage  .   (no gloves)
Will    .....                   (no boots)
Stlth   +++.......              (no amulet)
HPRegen 0.12/turn               n - ring of stealth
MPRegen 0.12/turn               (no ring)

@: no status effects
A: AC +5, unfitting armour, cold-blooded
a: no special abilities


You were on level 4 of the Dungeon.
You visited 1 branch of the dungeon, and saw 4 of its levels.

You collected 145 gold pieces.

Inventory:

Hand Weapons
 c - a +0 dagger (weapon)
Armour
 h - a +0 cloak (worn)
Jewellery
 g - an amulet of faith
 n - a ring of stealth (left hand)
Scrolls
 a - 2 scrolls of immolation {unknown}
 d - 4 scrolls of identify {unknown}
 f - a scroll of enchant weapon {unknown}
 k - a scroll of noise {unknown}
 m - a scroll of fear {unknown}
 o - a scroll of brand weapon {unknown}
 p - a scroll of enchant armour {unknown}
 r - 3 scrolls of amnesia {unknown}
Potions
 b - 2 potions of flight {unknown}
 e - 4 potions of curing {unknown}
 i - a potion of might {unknown}
 j - 2 potions of heal wounds {unknown}
 l - a potion of ambrosia {unknown}
 q - a potion of brilliance {unknown}


   Skills:
 - Level 1.7 Dodging
 - Level 1.7 Stealth
 + Level 3.7 Spellcasting
 + Level 3.4 Conjurations
 + Level 4.5 Fire Magic


You had 7 spell levels left.
You knew the following spells:

 Your Spells              Type           Power      Damage    Failure   Level
a - Foxfire               Conj/Fire      68%        2x1d7     3%          1
b - Conjure Flame         Conj/Fire      17%        6-21      9%          3

Your spell library contained the following spells:

 Spells                   Type           Power      Damage    Failure   Level
 Inner Flame              Hex/Fire       11%        N/A       19%         3
 Sticky Flame             Conj/Fire      17%        2d4       30%         4
 Fireball                 Conj/Fire      8%         3d6       63%         5


Dungeon Overview and Level Annotations

Branches:
Dungeon (4/15)
 Temple: D:4-7

Altars:
Ru

Annotations:
D:3 Grinder


Innate Abilities, Weirdness & Mutations

Your plain brown scales are hard. (AC +5)
You cannot fit into any form of body armour.
You are cold-blooded and may be slowed by cold attacks.


Message History

The necrophage hits you but does no damage.
You now have 5/10 mp.
The foxfire hits the necrophage but does no damage.
You conjure some foxfire!
The necrophage barely misses you.
You now have 4/10 mp.
The foxfire hits the necrophage. x2
You conjure some foxfire!
The necrophage barely misses you.
You now have 4/10 mp.
The foxfire hits the necrophage.
You destroy the necrophage!
Your life force feels restored.
An ogre comes into view. It is wielding a +0 giant spiked club.
The ogre shouts!
You conjure some foxfire!
An adder comes into view.
The foxfire hits the ogre.
The foxfire hits the ogre!
You see here a ball python corpse.
You conjure some foxfire!
You now have 4/10 mp.
The foxfire hits the ogre. x2
The ogre attacks as you move away! The ogre closely misses you.
You conjure some foxfire!
The foxfire hits the white imp!
The white imp is burned terribly!
The foxfire hits the ogre.
You conjure some foxfire!
The foxfire hits the adder.
The ogre hits you with a +0 giant spiked club!!
Ouch! That really hurt!
* * * LOW HITPOINT WARNING * * *
The foxfire hits the white imp!
The white imp is burned terribly!
You kill the white imp!
You take 19 damage, and have 11/38 hp.
MASSIVE DAMAGE!!
You now have 3/10 mp.
The ogre attacks as you move away! The ogre hits you but does no damage.
The adder attacks as you move away! The adder bites you but does no damage.
The adder attacks as you move away! The adder bites you but does no damage.
The adder bites you but does no damage. The ogre misses you.
The adder barely misses you. The ogre attacks as you move away!
The ogre hits you with a +0 giant spiked club!!
Ouch! That really hurt!
You die...

###..............#
####...##...........###
#....###...>.....#)...#
..##...............####
................########
.......†...............#
...##.....†............#
..##..###......OS......#
.. #..# ####.###@......#
......#####.>###)......#
.#.##..........).).....#
... ..#####.####.......#
.. ... #...##.........#
#.#..<.........#
#...###.########
....###...# ... #.###


You could see an ogre and an adder.

Vanquished Creatures
  A necrophage (D:4)
  A hound (D:4)
  Ijyb (D:3)
  2 endoplasms (D:1)
  4 adders
  A white imp (D:4)
  2 dart slugs
  2 orcs
  A ball python (D:4)
  3 bats
  A ghost (D:1)
  5 giant cockroaches
  5 hobgoblins
  6 jackals
  4 kobolds
  4 quokkas
  4 frilled lizards
  7 goblins
  7 rats
61 creatures vanquished.

Vanquished Creatures (others)
  169 foxfires
169 creatures vanquished.

Grand Total: 230 creatures vanquished

Notes
Turn   | Place    | Note
-------+----------+-------------------------------------------
     0 | D:1      | mistymad the Draconian Fire Elementalist began the quest
                  | for the Orb.
     0 | D:1      | Reached XP level 1. HP: 14/14 MP: 3/3
   140 | D:1      | You fall into a shaft and drop 1 floor!
   185 | D:2      | Reached XP level 2. HP: 3/20 MP: 0/5
   474 | D:2      | Upgraded the game from 0.26-a0-812-g31a745ddcd to
                  | 0.27-a0-124-g19cb506db8
   474 | D:2      | Upgraded the game from 0.27-a0-124-g19cb506db8 to
                  | 0.29-a0-330-g52719c12eb
   601 | D:1      | Reached XP level 3. HP: 17/26 MP: 3/6
  1069 | D:1      | Reached XP level 4. HP: 33/33 MP: 3/8
  1586 | D:2      | Learned a level 3 spell: Conjure Flame
  1947 | D:2      | Found a sacrificial altar of Ru.
  2039 | D:2      | mistymad: ??god
  2039 | D:2      | beem: gods[1/3]: '?' '/' 'G' for a complete list (in game).
                  | Type "?? reasons" (in IRC) to get a list of reasons which
                  | might motivate you to worship that particular god.
  2194 | D:2      | Reached skill level 4 in Fire Magic
  2291 | D:3      | Noticed Ijyb
  2295 | D:3      | Paralysed by Ijyb for 2 turns
  2371 | D:3      | Killed Ijyb
  2372 | D:3      | Reached XP level 5. HP: 12/38 MP: 1/9
  2742 | D:3      | Noticed Grinder
  2745 | D:3      | Paralysed by Grinder for 4 turns
  3051 | D:4      | Noticed an ogre
  3074 | D:4      | Demolished by an ogre

Illustrated notes

Levels and vault maps discovered:
D:1:      dpeg_arrival_central, layout_basic, minmay_misc_feat_rugged
D:2:      layout_rooms, lemuel_round_altar
D:3:      layout_basic, uniq_ijyb, uniq_grinder
D:4:      layout_rooms, led_xom_imps, serial_shops, shop

Skill      XL: |  1  2  3  4  5 |
---------------+----------------+-----
Conjurations   | 2 3 |  3.4
Spellcasting   | 3 |  3.7
Fire Magic     | 4 |  4.5
Dodging        | |  1.7
Stealth        | |  1.7

Action                   |  1- 3 |  4- 6 || total
-------------------------+-------+-------++-------
Melee: Unarmed           |    41 |       ||    41
       Dagger            |    12 |    56 ||    68
       Tailslap          |     3 |     7 ||    10
 Cast: Foxfire           |    33 |    80 ||   113
       Conjure Flame     |       |     4 ||     4
Armor: Skin              |    18 |    41 ||    59
Dodge: Dodged            |    48 |    81 ||   129

Table legend: (Time is in decaauts)
 A = Elapsed time spent in this place.
 B = Non-inter-level travel time spent in this place.
 C = Inter-level travel time spent in this place.
 D = Time resting spent in this place.
 E = Time spent auto-exploring this place.
 F = Levels seen in this place.
 G = Mean time per level.
                   A        B        C        D        E       F      G
               +--------+--------+--------+--------+--------+-----+--------+
         Total |   3079 |   2971 |    108 |    482 |   1199 |   4 |  769.8 |
       Dungeon |   3079 |   2971 |    108 |    482 |   1199 |   4 |  769.8 |
               +--------+--------+--------+--------+--------+-----+--------+

Top non-repeatable levels by time:
     D:1: 1177 daAuts
     D:3: 873 daAuts
     D:2: 867 daAuts
     D:4: 160 daAuts
